AoeStats
← cisi1982

Hideout

509841565Analyzed
1v1 RM · 5d ago on Sep 28, 2026· 21m 20s· 2 players
Game mode
Random Map
Map size
Tiny (2 player)
Population
200
Speed
Normal
Resources
Standard
Victory
Conquest
Starting age
Dark Age
Ending age
Imperial Age
RankedLock teamsTeams togetherTeam positionsShared explorationLock speedFull tech treeHidden civsTurbo modeCheats
Victory
Defeat
🇹🇼 Persians · Taiwan
949
+14
🇨🇿 Dravidians · Czechia
903
-14
廖宇翔大帥哥
9:08 Feudal Age
10:13 Double-Bit Axe
12:34 Forging
13:14 Horse Collar
20:59 Castle Age
19:55 Bloodlines
21:29 Scale Barding Armor
cisi1982
9:49 Feudal Age
8:04 Loom
10:33 Double-Bit Axe
22:56 Castle Age
21:12 Arson
20:48 Man-at-Arms
Connection lost

Rejoining the realm…

Still unreachable

The connection could not be restored.

Session expired

The server has moved on; the page needs a fresh start.